 Dungeon Crawl Stone Soup version 0.21-a0-518-g43a1781948 (webtiles) character file.

11 JackS81 the Grave Robber (level 2, -21/22 HPs)
             Began as a Deep Dwarf Necromancer on Dec 4, 2017.
             Killed from afar by a jackal (32 damage)
             ... with an exploding inner flame
             ... hexed by the player character
             ... on level 1 of the Dungeon.
             The game lasted 00:02:19 (292 turns).

JackS81 the Grave Robber (Deep Dwarf Necromancer)    Turns: 292, Time: 00:02:19

Health: -21/22     AC:  2    Str: 11    XL:     2   Next: 13%
Magic:  0/4        EV: 12    Int: 15    God:
Gold:   22         SH:  0    Dex: 13    Spells: 2/4 levels left

rFire    . . .     SeeInvis .   i - +0 whip
rCold    . . .     Gourm    .   (no shield)
rNeg     . . .     Faith    .   a - +0 robe
rPois    .         Spirit   .   (no helmet)
rElec    .         Reflect  .   (no cloak)
rCorr    .         Harm     .   (no gloves)
MR       .....                  (no boots)
Stlth    ++........             (no amulet)
HPRegen  0.00/turn              (no ring)
MPRegen  0.09/turn              (no ring)

@: non-regenerating
A: damage resistance, heal wounds, sense surroundings 1, no regeneration
a: Heal Wounds


You were on level 1 of the Dungeon.
You were not hungry.

You visited 1 branch of the dungeon, and saw 1 of its levels.

You collected 22 gold pieces.

Inventory:

Hand Weapons
 i - a +0 whip (weapon)
Missiles
 e - 20 arrows
 j - 6 tomahawks (quivered)
Armour
 a - a +0 robe (worn)
Scrolls
 k - a scroll of enchant armour {unknown}
Potions
 h - a potion of flight {unknown}
Books
 b - a book of Necromancy

   Spells                             Type                      Level
   a - Pain                           Necromancy                   1
   b - Animate Skeleton               Necromancy                   1
   c - Vampiric Draining              Necromancy                   3
   d - Regeneration                   Charms/Necromancy            3
   e - Animate Dead                   Necromancy                   4
   f - Control Undead                 Necromancy                   4
Comestibles
 c - a bread ration
 f - 3 chunks of flesh
 g - a meat ration


   Skills:
 - Level 2.1 Dodging
 - Level 2.4 Stealth
 - Level 1.7 Spellcasting
 * Level 5.0 Necromancy


You had 2 spell levels left.
You knew the following spells:

 Your Spells              Type           Power        Failure   Level  Hunger
a - Pain                  Necr           ###.         3%          1    ##.....
b - Animate Skeleton      Necr           N/A          3%          1    ##.....


Dungeon Overview and Level Annotations

Branches:
Dungeon (1/15)

Altars:


Innate Abilities, Weirdness & Mutations

You are resistant to damage.
You can heal yourself by infusing magical energy.
You passively map a small area around you.
You do not regenerate.


Message History

The jackal bites you but does no damage.
The jackal misses you.
The goblin shouts!
Found four items.
A rat comes into view.
As you read the scroll labeled GEISES FAYPN, it crumbles to dust.
The creatures around you are filled with an inner flame!
It was a scroll of immolation.
The jackal closely misses you. x2
The jackal bites you.
The jackal closely misses you. x2 2 bats come into view.
Casting: Animate Skeleton
Confirm with . or Enter, or press ? or * to list all spells.
Aiming: Pain
Press: ? - help, Shift-Dir - straight line, f - jackal
Aim: a jackal (inner flame, chance to defeat MR: 87%)
The jackal writhes in agony!
The jackal explodes!
The fiery explosion engulfs you!
Ouch! That really hurt!
You die...

, , ,
#.........b.
, ,
#..r...$....
,
#....bl...).
, ,
#...........
* ...#
#..?........
* ...#... *
#...§g§.....
...#...
#..hh§§!....
, .......
#..h@.§.....
.......
#...........
, ..(.... *
############
* ....### *
* * ,
....... , ,
, , ....## *
, * * ....#
* ....# *
....# , ,*


You could see a leopard gecko (inner flame), 3 jackals, a goblin (inner flame),
2 bats and a rat (inner flame).

Vanquished Creatures
  A leopard gecko (D:1)
  A hobgoblin (D:1)
  4 kobolds (D:1)
  A frilled lizard (D:1)
  3 rats (D:1)
  A fungus (D:1)
11 creatures vanquished.

Vanquished Creatures (collateral kills)
  A kobold (D:1)
1 creature vanquished.

Grand Total: 12 creatures vanquished

Notes
Turn   | Place    | Note
-------+----------+-------------------------------------------
     0 | D:1      | JackS81 the Deep Dwarf Necromancer began the quest for the Orb.
     0 | D:1      | Reached XP level 1. HP: 15/15 MP: 3/3
     2 | D:1      | Learned a level 1 spell: Animate Skeleton
   203 | D:1      | Reached XP level 2. HP: 13/22 MP: 0/4
   263 | D:1      | Reached skill level 5 in Necromancy
   292 | D:1      | Killed from afar by a jackal

Vault maps used:
D:1:      onia_arrival_mini_maze_b

Skill      XL: |  1  2 |
---------------+-------+-----
Necromancy     | 5 |  5.0
Dodging        | |  2.1
Stealth        | |  2.4
Spellcasting   | |  1.7

Action                   || total
-------------------------++-------
Melee: Unarmed           ||    22
       Whip              ||     6
 Cast: Pain              ||    14
       Animate Skeleton  ||     6
  Use: Scroll            ||     1
Armor: Robe              ||     4
Dodge: Dodged            ||    12

Table legend:
 A = Spawn XP
 B = Non-spawn XP
 C = Spawn XP percentage of total XP
 D = Spawn monster count
 E = Non-spawn monster count
 F = Spawn count percentage of total count
 G = Total turns spent on level
                    A         B        C        D         E        F      G
               +---------+---------+-------+---------+---------+-------+---------
         Total |       0 |      16 |   0.0 |       0 |      11 |   0.0 |   292
               +---------+---------+-------+---------+---------+-------+---------
           D:1 |       0 |      16 |   0.0 |       0 |      11 |   0.0 |   292
               +---------+---------+-------+---------+---------+-------+---------
